 Dungeon Crawl Stone Soup version 0.31-a0-1370-gf52a5a9ab3 (webtiles) character file.

Game seed: 15108574973910246807

2634 MisterAzrael the Fanfare of Bloodshed (level 9, -23/67 (70) HPs)
             Began as a Hill Orc Fighter on Dec 23, 2023.
             Was a Believer of Makhleb.
             Annihilated by a two-headed ogre
             ... wielding a +0 giant spiked club
              (32 damage)
             ... on level 10 of the Dungeon.
             The game lasted 00:16:44 (8118 turns).

MisterAzrael the Fanfare of Bloodshed (HOFi)        Turns: 8118, Time: 00:16:45

HP:   -23/67 (70)   AC: 12    Str: 23    XL:     9   Next: 61%
MP:   18/18         EV:  9    Int:  8    God:    Makhleb [**....]
Gold: 80            SH:  9    Dex:  8    Spells: 8/8 levels left

rFire   x . .        L - +1 morningstar (protect)
rCold   + . .        c - +0 buckler
rNeg    . . .        b - +0 scale mail
rPois   .            (no helmet)
rElec   .            p - +1 cloak
rCorr   .            (no gloves)
SInv    .            k - +2 pair of boots
Will    .....        G - amulet of reflection Stlth
                     g - ring of ice
HPRegen 0.31/turn    F - ring of flight
MPRegen 0.16/turn

%: reflection
@: flying, lightly drained
A: clumsy 1, screaming 1
a: Renounce Religion, Minor Destruction


You were on level 10 of the Dungeon.
You worshipped Makhleb.
Makhleb was pleased with you.
You visited 1 branch of the dungeon, and saw 10 of its levels.
You also visited: Sewer and Ossuary.

You collected 305 gold pieces.
You spent 225 gold pieces at shops.

Inventory:

Hand Weapons
 a - a +0 war axe
 h - a +2 mace of protection
 A - a +3 war axe
 L - a +1 morningstar of protection (weapon)
Missiles
 q - 18 poisoned darts
 s - 2 silver javelins
 u - 8 atropa-tipped darts
 v - 4 throwing nets
Armour
 b - a +0 scale mail (worn)
 c - a +0 buckler (worn)
 k - a +2 pair of boots (worn)
 p - a +1 cloak (worn)
 w - a +0 scale mail
Jewellery
 g - a ring of ice (left hand)
 B - a +6 ring of intelligence
 F - a ring of flight (right hand)
 G - an amulet of reflection (around neck)
 H - an amulet of the acrobat
Talismans
 d - a talisman of death
 n - a serpent talisman
 t - a beast talisman
 E - a blade talisman
 K - a flux talisman
Wands
 l - a wand of iceblast (13)
 o - a wand of digging (6)
 z - a wand of flame (28)
Scrolls
 e - 3 scrolls of fear
 f - 3 scrolls of teleportation
 i - a scroll of amnesia
 j - a scroll of enchant armour
 m - 3 scrolls of vulnerability
 r - 4 scrolls of silence
 y - a scroll of summoning
 C - 3 scrolls of revelation
 D - a scroll of immolation
 I - 3 scrolls of identify
 J - 2 scrolls of fog
Potions
 x - 3 potions of magic
 M - 4 potions of cancellation


   Skills:
 - Level 3.6 Fighting
 + Level 9.8(10.6) Axes
 - Level 5.1(7.4) Maces & Flails
 - Level 3.2 Armour
 - Level 3.2 Shields
 * Level 12.0 Invocations


You had 8 spell levels left.
You didn't know any spells.
Your spell library contained the following spells:

 Spells                   Type           Power      Damage    Failure   Level
 Sublimation of Blood     Necr           0%         N/A       89%         2
 Brom's Barrelling Bould  Conj/Erth      0%         2d3       100%        4
 Petrify                  Alch/Erth      0%         N/A       100%        4
 Fireball                 Conj/Fire      0%         3d3       100%        5
 Irradiate                Conj/Alch      0%         3d11      100%        5
 Iskenderun's Battlesphe  Conj           0%         2d6       100%        5
 Conjure Ball Lightning   Conj/Air       0%         3x3d6     100%        6
 Orb of Destruction       Conj           0%         9d5       100%        7


Dungeon Overview and Level Annotations

Branches:
Dungeon (10/15)            Temple (0/1) D:4           Sewer (visited)
Ossuary (visited)
   Lair: D:8-11         Orc: D:9-12

Altars:
Ashenzari
Makhleb
Qazlal
Sif Muna
Vehumet
Xom
Yredelemnul

Shops:
D:2 =   D:3 :!(!(   D:7 !*


Innate Abilities, Weirdness & Mutations

You are clumsy. (Dex -2)
You occasionally shout uncontrollably at your foes.


Message History

The two-headed ogre is heavily wounded.
Hit: L) +1 morningstar (protect)
Press: ? - help, Dir - move target, f - you, p - two-headed ogre
Okay, then.
Aiming: Throw Flame
Press: ? - help, Shift-Dir - straight line, f/p - two-headed ogre
Aim: a two-headed ogre, wielding two +0 giant spiked clubs (heavily wounded, 85% to hit)
The puff of flame hits the two-headed ogre!
The two-headed ogre is heavily wounded.
Aiming: Iceblast
Press: ? - help, Shift-Dir - straight line, f/p - two-headed ogre
Aim: a two-headed ogre, wielding two +0 giant spiked clubs (heavily wounded)
The mass of ice explodes!
The iceblast engulfs the two-headed ogre!
The two-headed ogre is severely wounded.
You barely miss the two-headed ogre.
The two-headed ogre is severely wounded.
The two-headed ogre hits you with a +0 giant spiked club!!
The two-headed ogre hits you with a +0 giant spiked club!
You hit the two-headed ogre.
Your weapon exudes an aura of protection.
The two-headed ogre is severely wounded.
You closely miss the two-headed ogre.
The two-headed ogre is severely wounded.
The two-headed ogre barely misses you.
The two-headed ogre hits you with a +0 giant spiked club!!
* * * LOW HITPOINT WARNING * * *
You barely miss the two-headed ogre.
The two-headed ogre is severely wounded.
The two-headed ogre closely misses you.
The two-headed ogre hits you with a +0 giant spiked club!
* * * LOW HITPOINT WARNING * * *
You barely miss the two-headed ogre.
The two-headed ogre is severely wounded.
The two-headed ogre barely misses you. You block the two-headed ogre's attack.
You can't go up here!
You fly downwards.
The hatch slams shut behind you.
The two-headed ogre attacks as it pursues you!
The two-headed ogre hits you with a +0 giant spiked club!!
You die...

#.........#
#.........
#........ .
#....... ..
#......
...#.....
........#
.......@######
.......O.....#
####.........#
#.........#
...........#
.............#
........#....#
........#......
...######......


You could see a two-headed ogre.

Vanquished Creatures
  Maurice (D:7)
  Prince Ribbit (D:5)
  A vampire (D:8)
  A steam dragon (D:8)
  Menkaure (D:7)
  An ice beast (D:5)
  2 black bears
  A sky beast (D:6)
  3 centaurs
  An elf zombie (Ossuary)
  Blork the orc (D:6)
  2 scorpions (D:5)
  2 bullfrogs (D:7)
  A howler monkey (D:6)
  4 centaur zombies (Ossuary)
  A jelly (D:6)
  A human zombie (Ossuary)
  2 orc priests
  2 hounds
  A scorpion zombie (D:3)
  5 orc wizards
  A hell rat (Sewer)
  7 hound zombies (Ossuary)
  2 mummies (Ossuary)
  Robin (D:2)
  3 gnolls (D:7)
  2 river rats (Sewer)
  10 adders
  2 white imps
  A bombardier beetle (D:3)
  2 ufetubi (D:5)
  5 adder zombies
  A worm (D:3)
  17 orcs
  8 ball pythons
  5 endoplasms
  3 giant cockroaches
  4 gnoll zombies (Ossuary)
  11 goblins
  9 hobgoblins
  4 jackals (D:2)
  5 kobolds
  3 quokkas
  A ball python zombie (D:3)
  5 bats
  4 frilled lizards
  5 jackal zombies (Ossuary)
  6 kobold zombies (Ossuary)
  5 orc zombies (Ossuary)
  16 rats
183 creatures vanquished.

Notes
Turn   | Place    | Note
-------+----------+-------------------------------------------
     0 | D:1      | MisterAzrael the Hill Orc Fighter began the quest for the
                  | Orb.
     0 | D:1      | Reached XP level 1. HP: 19/19 MP: 1/1
   229 | D:1      | Reached XP level 2. HP: 26/26 MP: 2/2
   775 | D:2      | Reached XP level 3. HP: 27/31 MP: 3/3
   851 | D:2      | Identified the +4 short sword of the Heavens {speed, Int+2}
   928 | D:2      | Found Obua's Jewellery Emporium.
   935 | D:2      | Reached skill level 5 in Axes
  1029 | D:2      | Identified the -2 helmet of Ytsets {rElec rF- Str+5}
  1029 | D:2      | Noticed Robin
  1054 | D:2      | Killed Robin
  1055 | D:2      | Reached XP level 4. HP: 5/39 MP: 4/4
  1393 | D:2      | Found a stormy altar of Qazlal.
  1844 | D:3      | Found Iricw's Weapon Shoppe.
  1890 | D:3      | Found Jeuduz's Distillery.
  1893 | D:3      | Bought a potion of heal wounds for 50 gold pieces
  2013 | D:3      | Found Umorujyvy's Antique Weapon Shoppe.
  2032 | D:3      | Found a stormy altar of Qazlal.
  2040 | D:3      | Found Antilid's Distillery.
  2066 | D:3      | Reached XP level 5. HP: 42/45 MP: 5/5
  2103 | D:3      | Found Qaahiol's Book Emporium.
  2151 | D:3      | Found a glowing drain.
  2229 | Sewer    | Entered a sewer
  2469 | D:3      | Found a broken altar of Ashenzari.
  2627 | D:3      | Found a basalt altar of Yredelemnul.
  2627 | D:3      | Found a shimmering blue altar of Sif Muna.
  2627 | D:3      | Found a burning altar of Makhleb.
  2641 | D:3      | Found a shimmering altar of Xom.
  2722 | D:3      | Became a worshipper of Makhleb the Destroyer
  2881 | D:4      | Found a staircase to the Ecumenical Temple.
  2919 | D:4      | Reached skill level 1 in Invocations
  3015 | D:4      | Reached XP level 6. HP: 51/51 MP: 5/7
  3563 | D:5      | Entered Level 5 of the Dungeon
  3604 | D:5      | Reached skill level 2 in Invocations
  3764 | D:5      | Reached skill level 3 in Invocations
  3770 | D:5      | Found Sioqisek's Magic Scroll Shoppe.
  3921 | D:5      | Noticed an ice beast
  3929 | D:5      | Killed an ice beast
  3930 | D:5      | Reached skill level 4 in Invocations
  3930 | D:5      | Reached XP level 7. HP: 57/57 MP: 8/10
  4096 | D:5      | Found a sand-covered staircase.
  4113 | D:5      | Noticed Prince Ribbit
  4135 | D:5      | Reached skill level 5 in Invocations
  4146 | D:5      | Killed Prince Ribbit
  4147 | D:5      | Reached skill level 6 in Invocations
  4156 | Ossuary  | Entered an ossuary
  4193 | Ossuary  | Reached * piety under Makhleb
  4240 | Ossuary  | Reached skill level 7 in Invocations
  4240 | Ossuary  | Reached XP level 8. HP: 37/64 MP: 13/13
  4366 | Ossuary  | Reached ** piety under Makhleb
  4380 | Ossuary  | Reached skill level 8 in Invocations
  4808 | D:6      | Reached skill level 1 in Maces & Flails
  5367 | D:6      | Gained mutation: You are vulnerable to heat. (rF-) [potion
                  | of mutation]
  5367 | D:6      | Gained mutation: You are vulnerable to cold. (rC-) [potion
                  | of mutation]
  5367 | D:6      | Gained mutation: You occasionally shout uncontrollably at
                  | your foes. [potion of mutation]
  5367 | D:6      | Gained mutation: You have a beak for a mouth. [potion of
                  | mutation]
  5373 | D:6      | Lost mutation: You are vulnerable to cold. (rC-) [potion of
                  | mutation]
  5373 | D:6      | Lost mutation: You are vulnerable to heat. (rF-) [potion of
                  | mutation]
  5373 | D:6      | Lost mutation: You have a beak for a mouth. [potion of
                  | mutation]
  5373 | D:6      | Gained mutation: You are clumsy. (Dex -2) [potion of
                  | mutation]
  5418 | D:6      | Reached skill level 9 in Invocations
  5944 | D:6      | Noticed Blork the orc
  5954 | D:6      | Killed Blork the orc
  6271 | D:3      | Bought a runed war axe for 175 gold pieces
  6349 | D:7      | Reached skill level 10 in Invocations
  6358 | D:7      | Reached XP level 9. HP: 70/70 MP: 16/16
  6382 | D:7      | Noticed Menkaure
  6406 | D:7      | Killed Menkaure
  6719 | D:7      | Found Zysafaed's General Store.
  6783 | D:7      | Reached skill level 11 in Invocations
  7148 | D:7      | Found Viadajyra's Distillery.
  7294 | D:7      | Noticed Maurice
  7295 | D:7      | Something stole 55 gold
  7296 | D:7      | Something stole 18 poisoned darts
  7297 | D:7      | Something stole a talisman of death
  7306 | D:7      | Something stole a +0 war axe
  7309 | D:7      | Something stole an amulet of the acrobat
  7321 | D:7      | Killed Maurice
  7321 | D:7      | HP: 5/105 [poisoned by Maurice]
  7636 | D:8      | Found a radiant altar of Vehumet.
  7705 | D:8      | HP: 2/70 [vampire (4)]
  7948 | D:8      | Reached skill level 5 in Maces & Flails
  7948 | D:8      | Reached skill level 12 in Invocations
  7995 | D:9      | <>
                  | ERROR: string above had unterminated tag
  8105 | D:9      | Noticed a two-headed ogre
  8117 | D:10     | Entered Level 10 of the Dungeon
  8118 | D:10     | Annihilated by a two-headed ogre

Illustrated notes

#. .. #. .. #.
#$ #F###?####
#.@.......
#YY.Y.........
##########.###
#


Turn 7995 on D:9: <

Levels and vault maps discovered:
D:1:      wander_arrival_estate, layout_rooms, nicolae_figureground_pulse
D:2:      layout_loops_ring, serial_shops, shop, basic_altar, uniq_robin
D:3:      layout_rooms, nicolae_ashenzari_skybound,
          nicolae_overflow_quartered_altars,
          mainiacjoe_overflow_concentric_impassable, serial_shops,
          nicolae_shop_behind_doors, nicolae_shop_industrial_runoff,
          nicolae_shop_crystal, nicolae_shop_rolling_square,
          nicolae_shop_statue_plus, serial_undead, serial_undead_f,
          serial_undead_f, serial_undead_d, serial_undead_d,
          portal_sewer_entry_a, kennysheep_generic_room_4
D:4:      layout_basic, minmay_temple_entry_glassed_door
D:5:      layout_rooms, enter_ossuary_3, serial_shops, shop, serial_glass,
          glass_columns_b, glass_columns_b, uniq_prince_ribbit1
D:6:      layout_loops_corners, minivault_24, nicolae_zig_zag_zippers,
          uniq_blork_the_orc
D:7:      layout_loops_ring, serial_shops, shop_statue, shop, uniq_maurice,
          uniq_menkaure
D:8:      layout_rooms, mainiacjoe_overflow_catwalk, enter_bailey_5,
          minmay_small_thing
D:9:      layout_loops_corners
D:10:     layout_grid_maze, mainiacjoe_overflow_brackets, lair_entry_dummy,
          serial_shops, shop, special_room [special_room_orc], uniq_joseph,
          uniq_sonja

Skill      XL: |  1  2  3  4  5  6  7  8  9 |
---------------+----------------------------+-----
Axes           | 3 4 5 6 7 8 9 |  9.8
Invocations    | 1 4 7 10 12 | 12.0
Maces & Flails | 3 5 |  5.1
Fighting       | |  3.6
Armour         | |  3.2
Shields        | |  3.2

Action                     |  1- 3 |  4- 6 |  7- 9 || total
---------------------------+-------+-------+-------++-------
  Melee: War axe           |   120 |   178 |   222 ||   520
         Morningstar       |       |       |    94 ||    94
 Invoke: Minor Destruction |       |       |    13 ||    13
  Evoke: Wand              |       |     1 |     5 ||     6
    Use: Potion            |     2 |     1 |    11 ||    14
         Scroll            |       |     6 |    13 ||    19
   Stab: Paralysed         |       |     3 |       ||     3
 Armour: Scale mail        |    99 |   112 |   329 ||   540
         Skin              |       |       |     5 ||     5
  Dodge: Dodged            |    59 |    61 |   137 ||   257
  Block: Buckler           |    35 |    49 |   176 ||   260
         Reflection        |       |       |     6 ||     6

Table legend: (Time is in decaauts)
 A = Elapsed time spent in this place.
 B = Non-inter-level travel time spent in this place.
 C = Inter-level travel time spent in this place.
 D = Time resting spent in this place.
 E = Time spent auto-exploring this place.
 F = Levels seen in this place.
 G = Mean time per level.
                   A        B        C        D        E       F      G
               +--------+--------+--------+--------+--------+-----+--------+
         Total |   8217 |   7777 |    440 |   1655 |   4505 |  12 |  684.8 |
       Dungeon |   7745 |   7305 |    440 |   1655 |   4303 |  10 |  774.5 |
         Sewer |    157 |    157 |      0 |      0 |     78 |   1 |  157.0 |
       Ossuary |    314 |    314 |      0 |      0 |    124 |   1 |  314.0 |
               +--------+--------+--------+--------+--------+-----+--------+

Top non-repeatable levels by time:
     D:6: 1681 daAuts
     D:7: 1320 daAuts
     D:2: 1115 daAuts
     D:4: 833 daAuts
     D:3: 815 daAuts
     D:1: 768 daAuts
     D:5: 726 daAuts
     D:8: 360 daAuts
 Ossuary: 314 daAuts
   Sewer: 157 daAuts
     D:9: 123 daAuts
    D:10: 0 daAuts
